 Dungeon Crawl Stone Soup version 0.27-a0-74-gebd156f8b4 (webtiles) character file.

Game seed: 7343165864221905229

324 rocky1 the Shield-Bearer (level 6, 0/39 HPs)
             Began as a Gargoyle Fighter on Jan 12, 2021.
             Was an Initiate of Sif Muna.
             Slain by a gnoll (2 damage)
             ... on level 3 of the Dungeon.
             The game lasted 00:06:38 (3147 turns).

rocky1 the Shield-Bearer (Gargoyle Fighter)         Turns: 3147, Time: 00:06:38

Health: 0/39       AC: 13    Str: 19    XL:     6   Next: 48%
Magic:  6/6        EV:  7    Int: 22    God:    Sif Muna [......]
Gold:   162        SH: 10    Dex: 10    Spells: 5/5 levels left

rFire    . . .     SeeInvis .   j - -1 whip (curse)
rCold    . . .     Faith    .   c - +0 kite shield
rNeg     + . .     Spirit   .   b - +1 scale mail
rPois    ∞         Reflect  .   (no helmet)
rElec    +         Harm     .   (no cloak)
rCorr    .         Rampage  .   n - +0 pair of gloves
Will     .....                  (no boots)
Stlth    ..........             (no amulet)
HPRegen  0.13/turn              i - +6 ring of intelligence
MPRegen  0.10/turn              k - +6 ring of intelligence

@: no status effects
A: negative energy resistance 1, electricity resistance, unbreathing,
petrification resistance, miasma immunity, AC +4
a: Renounce Religion


You were on level 3 of the Dungeon.
You worshipped Sif Muna.
Sif Muna was noncommittal.
You visited 1 branch of the dungeon, and saw 4 of its levels.

You collected 162 gold pieces.

Inventory:

Hand Weapons
 a - a +0 flail
 j - a cursed -1 whip (weapon)
Missiles
 h - 37 poisoned darts (quivered)
 q - 91 stones
Armour
 b - a +1 scale mail (worn)
 c - a +0 kite shield (worn)
 n - a +0 pair of gloves (worn)
 r - a +0 leather armour
Jewellery
 i - a +6 ring of intelligence (left hand)
 k - a +6 ring of intelligence (right hand)
 o - a +6 ring of dexterity {unknown}
 p - a cursed -4 ring of protection {unknown}
Scrolls
 f - 2 scrolls of identify
 g - 3 scrolls of teleportation
 u - a scroll of amnesia
Potions
 e - a potion of brilliance
 l - a potion of degeneration {unknown}
 m - a potion of curing
 s - 2 potions of heal wounds {unknown}
 t - a potion of flight {unknown}
 v - a potion of cancellation {unknown}
 w - a potion of magic {unknown}


   Skills:
 + Level 4.5 Fighting
 * Level 4.4 Maces & Flails
 - Level 3.2 Armour
 * Level 5.5 Shields


You had 5 spell levels left.
You didn't know any spells.
Your spell library was empty.

Dungeon Overview and Level Annotations

Branches:
Dungeon (4/15)
 Temple: D:4-7

Altars:
Ashenzari
Cheibriados
Dithmenos
Fedhas
Hepliaklqana
Okawaru
Sif Muna
Vehumet
Wu Jian
Xom


Innate Abilities, Weirdness & Mutations

You are resistant to torment.
Your stone body is resilient. (AC +4)
You are immune to poison.
You resist negative energy. (rN+)
You are resistant to electric shocks. (rElec)
You can survive without breathing.
You are immune to petrification.
You are immune to miasma.


Message History

The phantom hits you but does no damage.
The gnoll hits you but does no damage.
You hit the gnoll.
The gnoll is heavily wounded.
You block the phantom's attack. The gnoll hits you but does no damage.
You closely miss the gnoll.
The gnoll is heavily wounded.
The phantom hits you.
* * * LOW HITPOINT WARNING * * *
The phantom blinks!
You hit the gnoll but do no damage.
The gnoll is heavily wounded.
You block the gnoll's attack.
You hit the gnoll.
The gnoll is heavily wounded.
You block the gnoll's attack.
You closely miss the gnoll.
The gnoll is heavily wounded.
The gnoll hits you.
You die...

#.# #......##.#
#.# #.#####.
#.# #.#######.#
#.# #.### #.
####.#####.##
###.# #.# #...#
#.
#........)..#
#...#
#.#####.###.
#.####.###..#
#.###
#...........
#.# #.# #(.#
#.#
#######.####
#.# #.# #..#
#.# #.###. #.#
#.# #..####g#
#.##.. #.#
#.###....W§@#
#..... #.#
#...>..######
#..#.. #.#
#####..###
#..##. #.#
#....# #..###
#.# ##.#.# #..#
# #.# #.#.#
#..# #
#.#########.#.#
#..# #
#...........#.#
#..# #
#############.#
#..# #


You could see a phantom and a gnoll.

Vanquished Creatures
  Sigmund (D:4)
  A phantom (D:3)
  3 adders
  A worm (D:2)
  A dart slug (D:1)
  A leopard gecko (D:2)
  5 orcs (D:3)
  3 giant cockroaches
  6 goblins
  5 hobgoblins
  5 jackals
  8 kobolds
  A quokka (D:2)
  4 bats
  2 frilled lizards (D:2)
  5 rats
52 creatures vanquished.

Notes
Turn   | Place    | Note
-------+----------+-------------------------------------------
     0 | D:1      | rocky1 the Gargoyle Fighter began the quest for the Orb.
     0 | D:1      | Reached XP level 1. HP: 14/14 MP: 1/1
   155 | D:1      | Reached XP level 2. HP: 19/19 MP: 2/2
   652 | D:2      | Reached XP level 3. HP: 15/23 MP: 3/3
   831 | D:2      | Reached skill level 4 in Shields
   937 | D:2      | Found a shimmering altar of Xom.
  1095 | D:2      | Reached XP level 4. HP: 29/29 MP: 4/4
  1257 | D:2      | Found an ornate altar of the Wu Jian Council.
  1258 | D:2      | Found a blossoming altar of Fedhas.
  1299 | D:2      | Found a snail-covered altar of Cheibriados.
  1504 | D:2      | Found a shimmering blue altar of Sif Muna.
  1507 | D:2      | Became a worshipper of Sif Muna the Loreminder
  1630 | D:2      | Found a radiant altar of Vehumet.
  1630 | D:2      | Found a broken altar of Ashenzari.
  1630 | D:2      | Found a hazy altar of Hepliaklqana.
  1660 | D:2      | Found a shadowy altar of Dithmenos.
  1971 | D:3      | Found an iron altar of Okawaru.
  2408 | D:3      | Noticed a phantom
  2461 | D:3      | Killed a phantom
  2462 | D:3      | Reached XP level 5. HP: 20/33 MP: 5/5
  3068 | D:4      | Noticed Sigmund
  3074 | D:4      | Noticed a phantom
  3099 | D:4      | Killed Sigmund
  3100 | D:4      | Reached skill level 5 in Shields
  3100 | D:4      | Reached XP level 6. HP: 19/39 MP: 6/6
  3144 | D:3      | HP: 1/39 [phantom (3)]
  3147 | D:3      | Slain by a gnoll

Illustrated notes

Levels and vault maps discovered:
D:1:      dpeg_arrival_pits, layout_basic
D:2:      layout_basic, lemuel_round_altar, lemuel_blue_sif_altar,
          chequers_temple_overflow_statue_of_worship, lemuel_crystal_altar,
          gammafunk_temple_overflow_statue, minmay_quadrilaterals
D:3:      layout_loops_ring, okawaru_metal_pillars_3
D:4:      layout_cave_pods, lemuel_crystal_altar, lemuel_doored_altar,
          uniq_sigmund

Skill      XL: |  1  2  3  4  5 |
---------------+----------------+-----
Shields        | 4 5 |  5.5
Maces & Flails | 3 4 |  4.4
Fighting       | 4 |  4.5
Armour         | |  3.2

Action                   |  1- 3 |  4- 6 || total
-------------------------+-------+-------++-------
Melee: Flail             |    31 |       ||    31
       Whip              |   121 |   193 ||   314
  Use: Scroll            |     6 |     1 ||     7
       Potion            |       |     1 ||     1
Armor: Scale mail        |    89 |    67 ||   156
Dodge: Dodged            |    50 |    41 ||    91
Block: Kite shield       |    70 |    73 ||   143

Table legend: (Time is in decaauts)
 A = Elapsed time spent in this place.
 B = Non-inter-level travel time spent in this place.
 C = Inter-level travel time spent in this place.
 D = Time resting spent in this place.
 E = Time spent auto-exploring this place.
 F = Levels seen in this place.
 G = Mean time per level.
                   A        B        C        D        E       F      G
               +--------+--------+--------+--------+--------+-----+--------+
         Total |   3161 |   3001 |    160 |      2 |   2108 |   4 |  790.2 |
       Dungeon |   3161 |   3001 |    160 |      2 |   2108 |   4 |  790.2 |
               +--------+--------+--------+--------+--------+-----+--------+

Top non-repeatable levels by time:
     D:2: 1340 daAuts
     D:3: 1079 daAuts
     D:1: 645 daAuts
     D:4: 95 daAuts
